 Dungeon Crawl Stone Soup version 0.26.1-11-gd32895ea62 (webtiles) character file.

Game seed: 16192176133234235368

67 Zeld the Slasher (level 4, 0/31 HPs)
             Began as an Octopode Monk on May 19, 2021.
             Killed from afar by Sigmund (7 damage)
             ... with a magic dart
             ... on level 2 of the Dungeon.
             The game lasted 00:02:36 (1179 turns).

Zeld the Slasher (Octopode Monk)                    Turns: 1179, Time: 00:02:37

Health: 0/31       AC:  1    Str: 11    XL:     4   Next: 18%
Magic:  4/4        EV: 14    Int: 12    God:
Gold:   58         SH:  0    Dex: 14    Spells: 3/3 levels left

rFire    . . .     SeeInvis .   a - +0 falchion
rCold    . . .     Faith    .   (no shield)
rNeg     . . .     Spirit   .   (helmet restricted)
rPois    .         Reflect  .   (no amulet)
rElec    .         Harm     .   (no ring)
rCorr    .         Rampage  .   (no ring)
Will     .....                  (no ring)
Stlth    +++.......             (no ring)
HPRegen  0.10/turn              (no ring)
MPRegen  0.09/turn              (no ring)
                                (no ring)
                                (no ring)

@: no status effects
A: almost no armour, stealthy swim, amphibious, 8 rings, constrict 8, camouflage
1, gelatinous body 1
a: no special abilities


You were on level 2 of the Dungeon.
You visited 1 branch of the dungeon, and saw 2 of its levels.

You collected 58 gold pieces.

Inventory:

Hand Weapons
 a - a +0 falchion (weapon)
Jewellery
 b - an uncursed amulet of faith {unknown}
 e - an uncursed amulet of magic regeneration {unknown}
Scrolls
 c - 3 scrolls of identify {unknown}
 d - a scroll of teleportation {unknown}
 g - a scroll of noise {unknown}
Potions
 f - a potion of berserk rage {unknown}
 h - a potion of lignification {unknown}


   Skills:
 - Level 3.0 Fighting
 * Level 4.9 Long Blades
 - Level 3.0 Dodging
 - Level 2.6 Stealth


You had 3 spell levels left.
You didn't know any spells.
Your spell library was empty.

Dungeon Overview and Level Annotations

Branches:
Dungeon (2/15)

Altars:

Annotations:
D:2 Sigmund


Innate Abilities, Weirdness & Mutations

You cannot wear most types of armour.
You are very stealthy in the water. (Stealth+)
You are amphibious.
You can wear up to eight rings at the same time.
You can use your tentacles to constrict eight enemies at once.
Your skin changes colour to match your surroundings (Stealth+).
Your rubbery body absorbs attacks. (AC +1, EV +1)


Message History

The bat hits you but does no damage. The bat closely misses you.
The bat misses you. The bat hits you.
* * * LOW HITPOINT WARNING * * *
The bat closely misses you. The bat barely misses you.
The bat barely misses you. The bat barely misses you.
You riposte.
You barely miss the bat. You grab the bat.
The bat struggles to escape constriction.
You release your grip on the bat.
The bat hits you.
* * * LOW HITPOINT WARNING * * *
The bat completely misses you.
You riposte.
You hit the bat.
You kill the bat!
Sigmund appears from thin air!
Reactivating autopickup.
Sigmund gestures at you while chanting. The magic dart hits you!
You die...

#..# #..# #..# #..#
#.## # #g##.#######
#....#.....########
#.####.....##.....#
#.# #.....##...@.# #.#
#..[..##.....# #.#
#.....##.....#
#g####.....##.....#
#.......#...@.....#
........#.....++#.....
#......###....# .S....
#.###### #....# ......
#.# #....# #......


You could see Sigmund and an adder (asleep).

Vanquished Creatures
  Jessica (D:2)
  An ooze (D:1)
  A leopard gecko (D:1)
  3 giant cockroaches (D:1)
  5 goblins
  3 hobgoblins
  4 kobolds (D:1)
  A ball python (D:2)
  7 bats
  2 frilled lizards (D:1)
  7 rats
35 creatures vanquished.

Notes
Turn   | Place    | Note
-------+----------+-------------------------------------------
     0 | D:1      | Zeld the Octopode Monk began the quest for the Orb.
     0 | D:1      | Reached XP level 1. HP: 16/16 MP: 1/1
    99 | D:1      | Reached XP level 2. HP: 18/21 MP: 2/2
   400 | D:1      | Reached skill level 4 in Long Blades
   509 | D:1      | Reached XP level 3. HP: 26/26 MP: 3/3
  1129 | D:2      | Noticed Jessica
  1133 | D:2      | Noticed Sigmund
  1136 | D:2      | Killed Jessica
  1137 | D:2      | Reached XP level 4. HP: 10/31 MP: 4/4
  1179 | D:2      | Killed from afar by Sigmund

Illustrated notes

Levels and vault maps discovered:
D:1:      nicolae_arrival_somewhat_less_tricky_arrival, layout_loops_ring
D:2:      layout_basic, uniq_sigmund, uniq_jessica

Skill      XL: |  1  2 |
---------------+-------+-----
Long Blades    | 4 |  4.9
Fighting       | |  3.0
Dodging        | |  3.0
Stealth        | |  2.6

Action                   |  1- 3 |  4- 6 || total
-------------------------+-------+-------++-------
Melee: Falchion          |    59 |       ||    59
       Constrict         |    20 |     2 ||    22
       Tentacles         |    11 |       ||    11
 Stab: Sleeping          |     5 |       ||     5
Armor: Skin              |     7 |     2 ||     9
Dodge: Dodged            |    50 |    11 ||    61
       Rpst.: Falchion   |    14 |     3 ||    17
